 Dungeon Crawl Stone Soup version 0.27-a0-334-g52645ef (webtiles) character file.

Game seed: 5273758980703805965

41 Toastz the Conjurer (level 3, 28/28 HPs)
             Began as a Draconian Conjurer on Feb 9, 2021.
             Quit the game on level 2 of the Dungeon on Feb 13, 2021.
             The game lasted 00:10:16 (1758 turns).

Toastz the Conjurer (Draconian Conjurer)            Turns: 1758, Time: 00:10:16

Health: 28/28      AC:  5    Str:  9    XL:     3   Next: 32%
Magic:  5/6        EV: 12    Int: 18    God:
Gold:   76         SH:  0    Dex: 10    Spells: 3/6 levels left

rFire    . . .     SeeInvis .   a - +0 short sword
rCold    . . .     Faith    .   (no shield)
rNeg     . . .     Spirit   .   (armour unavailable)
rPois    .         Reflect  .   (helmet restricted)
rElec    .         Harm     .   (no cloak)
rCorr    .         Rampage  .   (no gloves)
Will     .....                  (no boots)
Stlth    ++........             (no amulet)
HPRegen  0.09/turn              (no ring)
MPRegen  0.10/turn              (no ring)

@: no status effects
A: unfitting armour, cold-blooded, AC +5
a: no special abilities


You were on level 2 of the Dungeon.
You visited 1 branch of the dungeon, and saw 2 of its levels.

You collected 76 gold pieces.

Inventory:

Hand Weapons
 a - a +0 short sword (weapon)
Missiles
 d - 49 stones
Scrolls
 b - a scroll of random uselessness {unknown}
 e - a scroll of removedness
Potions
 c - 2 potions of flight {unknown}
 f - a potion of curing {unknown}


   Skills:
 + Level 1.3 Fighting
 + Level 2.2 Dodging
 - Level 1.7 Stealth
 + Level 2.4 Spellcasting
 + Level 4.3 Conjurations


You had 3 spell levels left.
You knew the following spells:

 Your Spells              Type           Power        Failure   Level
a - Magic Dart            Conj           68%          3%          1
b - Searing Ray           Conj           34%          4%          2

Your spell library contained the following spells:

 Spells                   Type           Power        Failure   Level
 Dazzling Flash           Conj/Hex       20%          22%         3
 Fulminant Prism          Conj/Hex       5%           56%         4
 Iskenderun's Mystic Bla  Conj/Tloc      10%          56%         4


Dungeon Overview and Level Annotations

Branches:
Dungeon (2/15)

Altars:


Innate Abilities, Weirdness & Mutations

Your plain brown scales are hard. (AC +5)
You cannot fit into any form of body armour.
You are cold-blooded and may be slowed by cold attacks.


Message History

The worm closely misses you.
You hit the worm.
The worm is almost dead.
The worm barely misses you.
You hit the worm.
The worm is almost dead.
You hit the worm.
You kill the worm!
You start resting.
Magic restored.
HP restored.
f - a golden potion
As you read the scroll of removedness, it crumbles to dust.
Read a buggy scroll, please report this.
You open the door.
A bat comes into view.
The magic dart hits the bat.
You kill the bat!
There is an open door here.
A bat comes into view.
Found a stone staircase leading down.
The magic dart hits the bat.
The bat is severely wounded.
The magic dart hits the bat.
You kill the bat!
You see here a bat corpse.
There is a stone staircase leading down here.
e - a scroll of removedness A ball python comes into view.
A ball python is nearby!
You can't see any susceptible monsters within range! (Use Z to cast anyway.)
Found 9 gold pieces.
You see here a scroll labelled ROMYBE PERATOY.
The magic dart hits the ball python.
You kill the ball python!
You aren't wearing any rings or amulets.
You are a level 3 Draconian Conjurer.
You are 32% of the way to level 4.
Play time: 00:10:04 (1758 turns).
Zot will find you in 10239 turns if you stay in this branch and explore no new floors.
Are you sure you want to abandon this character and quit the game? (Confirm with "yes".)

#.... #.##. ..... #. #.
....$.# #. #
#......####+##. #.####
#......##....#.
#.....#+##......##....#.
#...............##......
#...†.@........#......#
#...#....#...# #......#
##...........# #......#
#..?.##.....# #.......
#....##$....# ##......
#...........# #......
#...#....#...# #......
#............# #......
#............# ###'###


There were no monsters in sight!

Vanquished Creatures
  An ooze (D:2)
  A worm (D:2)
  2 dart slugs (D:1)
  A leopard gecko (D:1)
  A ball python (D:2)
  4 bats
  A giant cockroach (D:1)
  2 goblins (D:1)
  4 hobgoblins (D:1)
  2 jackals (D:1)
  3 kobolds (D:1)
  A frilled lizard (D:1)
  3 rats
26 creatures vanquished.

Notes
Turn   | Place    | Note
-------+----------+-------------------------------------------
     0 | D:1      | Toastz the Draconian Conjurer began the quest for the Orb.
     0 | D:1      | Reached XP level 1. HP: 14/14 MP: 3/3
   222 | D:1      | Reached XP level 2. HP: 22/22 MP: 1/5
   310 | D:1      | Learned a level 2 spell: Searing Ray
   583 | D:1      | Reached skill level 1 in Fighting
  1226 | D:1      | Reached XP level 3. HP: 28/28 MP: 4/6
  1566 | D:2      | Upgraded the game from 0.27-a0-291-gd9602db to
                  | 0.27-a0-334-g52645ef
  1758 | D:2      | Quit the game

Illustrated notes

Levels and vault maps discovered:
D:1:      ebering_trefoil_twist, layout_basic
D:2:      layout_basic, skrybe_limestone_x

Skill      XL: |  1  2 |
---------------+-------+-----
Dodging        | 2 |  2.2
Fighting       | 1 |  1.3
Stealth        | |  1.7
Spellcasting   | |  2.4
Conjurations   | |  4.3

Action                   || total
-------------------------++-------
Melee: Short sword       ||    29
       Tailslap          ||     2
 Cast: Magic Dart        ||    55
       Searing Ray       ||     2
  Use: Scroll            ||     1
Armor: Skin              ||    15
Dodge: Dodged            ||    59

Table legend: (Time is in decaauts)
 A = Elapsed time spent in this place.
 B = Non-inter-level travel time spent in this place.
 C = Inter-level travel time spent in this place.
 D = Time resting spent in this place.
 E = Time spent auto-exploring this place.
 F = Levels seen in this place.
 G = Mean time per level.
                   A        B        C        D        E       F      G
               +--------+--------+--------+--------+--------+-----+--------+
         Total |   1760 |   1724 |     36 |     52 |   1463 |   2 |  880.0 |
       Dungeon |   1760 |   1724 |     36 |     52 |   1463 |   2 |  880.0 |
               +--------+--------+--------+--------+--------+-----+--------+

Top non-repeatable levels by time:
     D:1: 1393 daAuts
     D:2: 366 daAuts
